AoeStats
← Ciruelitaruby

Enclosed

505904686Analyzed
1v1 RM · 19d ago on Sep 11, 2026· 41m 42s· 2 players
Game mode
Random Map
Map size
Tiny (2 player)
Population
200
Speed
Normal
Resources
Standard
Victory
Conquest
Starting age
Dark Age
Ending age
Imperial Age
RankedLock teamsTeams togetherTeam positionsShared explorationLock speedFull tech treeHidden civsTurbo modeCheats
Victory
Defeat
🇩🇪 Teutons · Germany
1642
+16
🇪🇸 Bulgarians · Spain
1639
-16
Ciruelitaruby
7:24 Loom
9:40 Feudal Age
14:12 Double-Bit Axe
16:08 Padded Archer Armor
18:01 Fletching
22:06 Castle Age
22:00 Scale Barding Armor
21:46 Horse Collar
21:56 Gold Mining
23:12 Town Watch
24:03 Wheelbarrow
23:59 Bow Saw
25:11 Fletching
27:20 Bloodlines
30:18 Forging
34:16 Bodkin Arrow
35:11 Pikeman
36:30 Scale Mail Armor
37:05 Iron Casting
39:47 Chain Mail Armor
44:15 Imperial Age
LL | SC-Quatorze
6:13 Loom
8:48 Feudal Age
9:35 Double-Bit Axe
11:32 Fletching
13:38 Padded Archer Armor
14:51 Town Watch
17:36 Wheelbarrow
21:09 Castle Age
19:06 Horse Collar
20:07 Gold Mining
20:36 Scale Barding Armor
21:07 Forging
21:58 Bloodlines
22:02 Bow Saw
22:43 Bodkin Arrow
24:33 Heavy Plow
28:39 Stone Mining
29:18 Chain Barding Armor
30:11 Iron Casting
30:02 Hand Cart
33:12 Stone Shaft Mining
39:38 Imperial Age
39:41 Cavalier
40:58 Plate Barding Armor
41:26 Conscription
42:48 Blast Furnace
Connection lost

Rejoining the realm…

Still unreachable

The connection could not be restored.

Session expired

The server has moved on; the page needs a fresh start.